 Dungeon Crawl Stone Soup version 0.30-a0-122-g2a1322497e (webtiles) character file.

Game seed: 5260869223261913922

36 porpoise the Shooter (level 3, -3/21 HPs)
             Began as a Kobold Hexslinger on Sept 16, 2022.
             Slain by a gnoll
             ... wielding a +0 spear
              (6 damage)
             ... on level 2 of the Dungeon.
             The game lasted 00:03:22 (1121 turns).

porpoise the Shooter (Kobold Hexslinger)            Turns: 1121, Time: 00:03:23

Health: -3/21      AC:  2    Str:  7    XL:     3   Next: 57%
Magic:  2/4        EV: 15    Int: 16    God:
Gold:   63         SH:  0    Dex: 15    Spells: 3/4 levels left

rFire   . . .      SeeInvis .    b - +2 dagger (drain)
rCold   . . .      Faith    .    (no shield)
rNeg    . . .      Spirit   .    c - +0 robe
rPois   .          Reflect  .    (no helmet)
rElec   .          Harm     .    (no cloak)
rCorr   .          Rampage  .    (no gloves)
Will    .....                    (no boots)
Stlth   +++.......               (no amulet)
HPRegen 0.07/turn                (no ring)
MPRegen 0.09/turn                (no ring)

@: no status effects
A: small, no large weapons, nightstalker 3
a: no special abilities


You were on level 2 of the Dungeon.
You visited 1 branch of the dungeon, and saw 2 of its levels.

You collected 63 gold pieces.

Inventory:

Hand Weapons
 a - a +1 sling
 b - a +2 dagger of draining (weapon)
Armour
 c - a +0 robe (worn)
Scrolls
 d - 2 scrolls of poison
 g - 2 scrolls of blinking {unknown}
 h - a scroll of butterflies {unknown}
 i - a scroll of teleportation {unknown}
 k - a scroll of identify {unknown}
Potions
 e - a potion of might {unknown}
 f - a potion of haste {unknown}
 j - a potion of heal wounds {unknown}
 l - 2 potions of curing {unknown}


   Skills:
 + Level 2.1 Fighting
 + Level 3.5 Ranged Weapons
 - Level 2.4 Dodging
 + Level 2.3 Stealth
 - Level 1.1 Spellcasting
 - Level 3.0 Hexes


You had 3 spell levels left.
You knew the following spells:

 Your Spells              Type           Power      Damage    Failure   Level
a - Slow                  Hex            40%        N/A       7%          1

Your spell library contained the following spells:

 Spells                   Type           Power      Damage    Failure   Level
 Inner Flame              Hex/Fire       5%         N/A       36%         3
 Portal Projectile        Hex/Tloc       10%        N/A       36%         3
 Cause Fear               Hex            5%         N/A       54%         4


Dungeon Overview and Level Annotations

Branches:
Dungeon (2/15)

Altars:


Innate Abilities, Weirdness & Mutations

You are small and have problems with some larger weapons.
You are completely attuned to the shadows.


Message History

The sling bullet closely misses the gnoll.
The gnoll closely misses you.
You sense an unholy aura.
b - a +2 dagger of draining (weapon)
You barely miss the gnoll. The gnoll hits you but does no damage.
You hit the gnoll but do no damage. The gnoll hits you with a +0 flail.
The gnoll barely misses you.
You hit the gnoll. You drain the gnoll.
The gnoll is moderately wounded.
The gnoll misses you.
The gnoll hits you from afar with a +0 spear!
You hit the gnoll. You drain the gnoll.
The gnoll is almost dead.
The gnoll hits you from afar with a +0 spear.
* * * LOW HITPOINT WARNING * * *
The gnoll closely misses you.
Casting: Slow (safe; 7% risk of failure)
Confirm with . or Enter, or press ? or * to list all spells.
Aiming: Slow (safe; 7% risk of failure)
Press: ? - help, Shift-Dir - straight line, f/p - gnoll
Aim: a gnoll, wielding a +0 flail (almost dead, heavily drained, chance to affect: 62%)
The gnoll resists with significant effort.
Unknown command.
Casting: Slow (safe; 7% risk of failure)
Confirm with . or Enter, or press ? or * to list all spells.
Aiming: Slow (safe; 7% risk of failure)
Press: ? - help, Shift-Dir - straight line, f - gnoll, p - gnoll
Aim: a gnoll, wielding a +0 spear (chance to affect: 57%)
The gnoll resists with significant effort.
A gnoll comes into view. It is wielding a +0 spear.
The gnoll barely misses you.
Unknown command.
Casting: Slow (safe; 7% risk of failure)
Confirm with . or Enter, or press ? or * to list all spells.
Aiming: Slow (safe; 7% risk of failure)
Press: ? - help, Shift-Dir - straight line, f/p - gnoll
Aim: a gnoll, wielding a +0 spear (chance to affect: 57%)
The gnoll seems to slow down.
The gnoll hits you from afar with a +0 spear.
You die...

.# ... #.
#.. ## #.#
#.########
#........#
#####
#.######.#
.)...
###.# #.#
.########
#...#
#.#######
.#...)...
#@###
#........
.#.#####.
#.#
#########
.#.# #g#
.#.# #.#
.#.#####.
## #g#
....#....
...#.##
..)..†#
##...###
...†..#
........#
..(...#
.##...#g#


You could see 2 gnolls.

Vanquished Creatures
  A worm (D:2)
  A dart slug (D:1)
  5 ball pythons
  A bat (D:2)
  2 endoplasms (D:1)
  A giant cockroach (D:2)
  3 goblins
  3 hobgoblins (D:1)
  3 kobolds
  2 quokkas (D:1)
  6 frilled lizards (D:1)
  2 rats (D:2)
30 creatures vanquished.

Notes
Turn   | Place    | Note
-------+----------+-------------------------------------------
     0 | D:1      | porpoise the Kobold Hexslinger began the quest for the Orb.
     0 | D:1      | Reached XP level 1. HP: 12/12 MP: 2/2
    73 | D:1      | Reached skill level 1 in Stealth
    75 | D:1      | Reached XP level 2. HP: 16/16 MP: 3/3
   214 | D:1      | Found a faded altar of an unknown god.
   418 | D:1      | Reached XP level 3. HP: 8/21 MP: 4/4
   825 | D:1      | You fall into a shaft and drop 1 floor!
  1121 | D:2      | Slain by a gnoll

Illustrated notes

Levels and vault maps discovered:
D:1:      psy_arrival_conway, layout_rooms, shapermc_ecumenical_altar_venn,
          minmay_lizard_pond
D:2:      layout_loops_ring, minivault_14

Skill      XL: |  1  2  3 |
---------------+----------+-----
Stealth        | 1 2 |  2.3
Ranged Weapons | 3 |  3.5
Fighting       | 2 |  2.1
Dodging        | |  2.4
Spellcasting   | |  1.1
Hexes          | |  3.0

Action                   || total
-------------------------++-------
Melee: Dagger            ||    47
       Punch             ||     1
 Fire: Sling             ||    35
 Cast: Slow              ||     7
 Stab: Sleeping          ||     2
Armor: Robe              ||     9
Dodge: Dodged            ||    32

Table legend: (Time is in decaauts)
 A = Elapsed time spent in this place.
 B = Non-inter-level travel time spent in this place.
 C = Inter-level travel time spent in this place.
 D = Time resting spent in this place.
 E = Time spent auto-exploring this place.
 F = Levels seen in this place.
 G = Mean time per level.
                   A        B        C        D        E       F      G
               +--------+--------+--------+--------+--------+-----+--------+
         Total |   1126 |   1126 |      0 |    349 |    562 |   2 |  563.0 |
       Dungeon |   1126 |   1126 |      0 |    349 |    562 |   2 |  563.0 |
               +--------+--------+--------+--------+--------+-----+--------+

Top non-repeatable levels by time:
     D:1: 827 daAuts
     D:2: 298 daAuts
